Blackhawks vs Blues

Created - March 6, 2018 at 00:48

Goals
1 2 3 OT1 SO T
Blackhawks 0 2 2 0 0 4
Blues 3 1 0 0 1 5
Shots
1 2 3 OT1 SO T
Blackhawks 6 14 8 5 3 33
Blues 16 10 7 2 3 35

1st period

1. Blues , Nicklas Backstrom 30 (Marian Hossa 24) at 13:06
2. Blues , David Perron 28 (Nicklas Backstrom 50, Jake Gardiner 30) at 14:28
3. Blues , Blake Wheeler 10 (Travis Zajac 22, Victor Hedman 12) at 17:11

Penalties :
Patrick Kaleta (STL) for Slashing (Minor) at 1:12

2nd period

4. Blues , Travis Zajac 24 (Blake Wheeler 15, Ted Purcell 23) at 4:35
5. Blackhawks , Mike Green 6 (Antoine Roussel 29, Jarome Iginla 18) at 10:11 (PP)
6. Blackhawks , Derick Brassard 24 (Antoine Roussel 30, Joni Pitkanen 15) at 18:47

Penalties :
Jaden Schwartz (Chi) for Holding (Minor) at 4:55, Dave Tanabe (Chi) for Hooking (Minor) at 7:24, Tomas Plekanec (STL) for Hooking (Minor) at 9:48

3rd period

7. Blackhawks , Ryan Johansen 11 (Joni Pitkanen 16, Chad Larose 8) at 1:01
8. Blackhawks , Jarome Iginla 16 (Antoine Roussel 31) at 10:21 (PP)

Penalties :
Nicklas Backstrom (STL) for Interference (Minor) at 2:21, Logan Couture (STL) for Boarding (Major) at 9:33, Mike Green (Chi) for Goalie Interference (Minor) at 16:29

Overtime #1

No Goal

Penalties :
No Penalty

Shootout

Penalty Shot by Derick Brassard for Blackhawks - Shot Misses the Net
Penalty Shot by David Perron for Blues - Stopped by Jimmy Howard
Penalty Shot by Jarome Iginla for Blackhawks - Stopped by Carey Price
Penalty Shot by Ted Purcell for Blues - Shot Misses the Net
Penalty Shot by Antoine Roussel for Blackhawks - Stopped by Carey Price
Penalty Shot by Marian Hossa for Blues - Goal!

Penalties :
No Penalty

Goalie Stats

Jimmy Howard (Chi), 31 saves from 35 shots - (0.886), OTL, 18-26-8, 65:00 minutes
Carey Price (STL), 29 saves from 33 shots - (0.879), W, 25-25-5, 65:00 minutes

Players Stats for Blackhawks

Player Name              G  A  P  +/- PIM S  H  SB GA TA FO     MP     PP MP  PK MP  
------------------------------------------------------------------------------------
Antoine Roussel          0  3  3   0  0   3  2  0  0  0  4/7    22:47   4:56   1:40 
Chad Larose              0  1  1   0  0   0  0  0  0  1  2/2    14:12   3:41   0:00 
Dave Tanabe              0  0  0   0  2   1  1  0  2  0  0/0    11:37   0:14   0:32 
Denis Grebeshkov         0  0  0  -3  0   0  3  3  1  0  0/0    22:54   3:14   1:45 
Derick Brassard          1  0  1   0  0   5  1  0  0  0  25/38  25:42   4:53   3:42 
Jaden Schwartz           0  0  0   0  2   0  1  0  0  1  0/2    12:30   0:25   0:26 
Jarome Iginla            1  1  2   0  0   5  3  2  0  0  1/1    21:49   4:55   3:39 
Joni Pitkanen            0  2  2   1  0   1  3  0  0  0  0/0    31:30   6:06   4:07 
Kevin Marshall           0  0  0   0  0   1  0  1  0  0  0/0    11:22   0:00   0:51 
Kyle Brodziak            0  0  0  -2  0   1  0  0  0  0  0/2     7:15   0:00   0:00 
Ladislav Smid            0  0  0  -3  0   1  3  2  0  0  0/0    22:40   3:00   1:45 
Mike Green               1  0  1   1  2   4  2  3  1  0  0/0    30:16   6:06   2:54 
Nikita Kucherov          0  0  0   0  0   0  0  0  1  0  0/0    15:34   0:23   0:00 
Peter Regin              0  0  0   0  0   5  1  0  0  0  5/9    17:45   3:41   1:40 
Ryan Johansen            1  0  1   0  0   1  1  0  0  0  1/3    13:10   0:46   0:00 
Taylor Pyatt             0  0  0  -2  0   3  2  1  0  0  0/0    10:24   0:44   0:12 
Tomas Fleischmann        0  0  0   0  0   0  2  0  0  0  0/0    14:07   3:36   0:00 
Tyler Kennedy            0  0  0  -2  0   2  3  1  0  0  0/0     8:26   0:00   0:35 

Players Stats for Blues

Player Name              G  A  P  +/- PIM S  H  SB GA TA FO     MP     PP MP  PK MP  
------------------------------------------------------------------------------------
Alex Pietrangelo         0  0  0  -1  0   8  1  1  0  2  0/0    24:15   3:41   0:13 
Blake Wheeler            1  1  2   2  0   2  1  0  0  0  0/0    17:43   0:00   5:13 
Bryce Lampman            0  0  0  -1  0   4  1  1  0  1  0/0    28:26   2:16   5:34 
David Perron             1  0  1   2  0   3  3  1  0  0  1/2    19:22   3:29   0:00 
Derek Boogaard           0  0  0  -1  0   0  3  0  0  0  0/0     7:56   0:00   1:22 
Jake Gardiner            0  1  1   4  0   1  2  1  0  1  0/0    25:06   2:49   3:33 
Linus Omark              0  0  0  -1  0   1  0  0  0  0  1/1    11:59   0:00   0:00 
Logan Couture            0  0  0  -1  5   0  1  0  0  0  3/7    12:39   0:00   1:36 
Marian Hossa             0  1  1   2  0   0  1  3  0  0  0/1    19:08   3:29   0:00 
Nicklas Backstrom        1  1  2   2  2   4  1  1  0  1  11/30  23:25   3:29   2:29 
Patrick Kaleta           0  0  0  -1  2   1  0  0  0  0  0/0     9:13   0:00   2:04 
Sergei Shirokov          0  0  0  -1  0   3  2  0  0  0  0/1    14:56   2:28   0:00 
Shaone Morrisonn         0  0  0  -1  0   0  1  0  0  0  0/0    16:05   1:26   5:34 
Ted Purcell              0  1  1   2  0   4  1  0  1  0  0/0    15:00   2:28   0:00 
Tomas Plekanec           0  0  0  -1  2   0  0  0  0  0  2/4     6:47   0:00   0:43 
Travis Zajac             1  1  2   2  0   2  0  1  0  0  8/18   22:28   2:28   5:13 
Victor Hedman            0  1  1   4  0   0  2  2  1  0  0/0    19:03   1:42   0:13 
Yann Sauvé               0  0  0  -1  0   2  0  1  0  0  0/0    17:05   0:00   3:33 

3 Stars

1 - Blake Wheeler (STL)
2 - Travis Zajac (STL)
3 - David Perron (STL)

Power Play

Blackhawks - 2 on 5 Attempt(s) - 40.00%
Blues - 0 on 3 Attempt(s) - 0.00%

Penalty Kill

Blackhawks - 3 on 3 Attempt(s) - 100.00% - Score 0 goal in Penalty Kill
Blues - 3 on 5 Attempt(s) - 60.00% - Score 0 goal in Penalty Kill

Team Stat

Blackhawks - Hits : 28 - Faceoff Wins : 38 - Blocked Shots : 13 - Penalty Minutes : 6
Blues - Hits : 20 - Faceoff Wins : 26 - Blocked Shots : 12 - Penalty Minutes : 11

Official

Referees : StLaurent Francois and Peel Tim
Linesman : Brad Lazarowich and Dan Schachte

Game Notes

No Game Note

Finance

Level 1 -- Attendance: 5251 (87.52%) -- Ticket Income $467,339
Level 2 -- Attendance: 3750 (75.00%) -- Ticket Income $213,750
Level 3 -- Attendance: 1982 (99.10%) -- Ticket Income $69,370
Level 4 -- Attendance: 3941 (98.53%) -- Ticket Income $94,584
Luxury Box -- Attendance: 679 (67.90%) -- Ticket Income $118,146
Game was played at the Scotttrade center.
Total Attendance: 15603 (86.68%)
Total Ticket Income: $963,189
Other Income: $144,478
Total Income: $1,107,667

Blackhawks

5 vs 5 Forward 
   Center                   Left Wing                Right Wing               Time % Phy DF OF 
 1 Derick Brassard          Antoine Roussel          Nikita Kucherov          40     1   2  2  
 2 Peter Regin              Jaden Schwartz           Jarome Iginla            30     1   2  2  
 3 Ryan Johansen            Tomas Fleischmann        Chad Larose              20     1   2  2  
 4 Kyle Brodziak            Taylor Pyatt             Tyler Kennedy            10     1   2  2  

5 vs 5 Defense 
   Defense                  Defense                                           Time % Phy DF OF 
 1 Mike Green               Joni Pitkanen                                     40     1   2  2  
 2 Denis Grebeshkov         Ladislav Smid                                     30     1   2  2  
 3 Dave Tanabe              Kevin Marshall                                    20     1   2  2  
 4 Mike Green               Joni Pitkanen                                     10     1   2  2  

PowerPlay Forward 
   Center                   Left Wing                Right Wing               Time % Phy DF OF 
 1 Derick Brassard          Antoine Roussel          Jarome Iginla            60     1   2  2  
 2 Peter Regin              Tomas Fleischmann        Chad Larose              40     1   2  2  

PowerPlay Defense
   Defense                  Defense                                           Time % Phy DF OF 
 1 Mike Green               Joni Pitkanen                                     60     1   2  2  
 2 Denis Grebeshkov         Ladislav Smid                                     40     1   2  2  

Penalty Kill 4 Players Forward 
   Center                   Wing                     Time % Phy DF OF 
 1 Derick Brassard          Jarome Iginla            60     1   2  2  
 2 Antoine Roussel          Peter Regin              40     1   2  2  

Penalty Kill 4 Players Defense
   Defense                  Defense                  Time % Phy DF OF 
 1 Mike Green               Joni Pitkanen            60     1   2  2  
 2 Denis Grebeshkov         Ladislav Smid            40     1   2  2  

Penalty Kill - 3 Players Forward 
   Forward                                           Time % Phy DF OF 
 1 Derick Brassard                                   60     1   2  2  
 2 Jarome Iginla                                     40     1   2  2  

Penalty Kill - 3 Players Defense
   Defense                  Defense                  Time % Phy DF OF 
 1 Mike Green               Joni Pitkanen            60     1   2  2  
 2 Denis Grebeshkov         Ladislav Smid            40     1   2  2  

4 vs 4 Forward 
   Center                   Wing                     Time % Phy DF OF 
 1 Derick Brassard          Jarome Iginla            60     1   2  2  
 2 Antoine Roussel          Peter Regin              40     1   2  2  

4 vs 4 Defense
   Defense                  Defense                  Time % Phy DF OF 
 1 Mike Green               Joni Pitkanen            60     1   2  2  
 2 Denis Grebeshkov         Ladislav Smid            40     1   2  2  

Last Minutes Offensive
   Center                   Left Wing                Right Wing               Defense                  Defense                  
   Derick Brassard          Antoine Roussel          Jarome Iginla            Mike Green               Joni Pitkanen            

Last Minutes Defensive
   Center                   Left Wing                Right Wing               Defense                  Defense                  
   Derick Brassard          Antoine Roussel          Jarome Iginla            Mike Green               Joni Pitkanen            

Goaltenders
Starting : Jimmy Howard             
Backup : Al Montoya               

Extra Forwards
Normal : Taylor Pyatt, Ryan Johansen, Tyler Kennedy - PP : Taylor Pyatt, Ryan Johansen - PK : Tyler Kennedy
Extra Defensemen
Normal : Dave Tanabe, Kevin Marshall, Denis Grebeshkov - PP : Dave Tanabe - PK : Kevin Marshall, Denis Grebeshkov
Penalty Shots
Derick Brassard, Jarome Iginla, Antoine Roussel, Peter Regin, Tomas Fleischmann

Scratches
None

Blues

5 vs 5 Forward 
   Center                   Left Wing                Right Wing               Time % Phy DF OF 
 1 Nicklas Backstrom        David Perron             Marian Hossa             40     1   2  2  
 2 Travis Zajac             Ted Purcell              Blake Wheeler            30     1   2  2  
 3 Logan Couture            Linus Omark              Sergei Shirokov          20     1   2  2  
 4 Tomas Plekanec           Derek Boogaard           Patrick Kaleta           10     1   2  2  

5 vs 5 Defense 
   Defense                  Defense                                           Time % Phy DF OF 
 1 Alex Pietrangelo         Bryce Lampman                                     40     1   2  2  
 2 Jake Gardiner            Victor Hedman                                     30     1   2  2  
 3 Shaone Morrisonn         Yann Sauvé                                        20     1   2  2  
 4 Jake Gardiner            Yann Sauvé                                        10     1   2  2  

PowerPlay Forward 
   Center                   Left Wing                Right Wing               Time % Phy DF OF 
 1 Nicklas Backstrom        David Perron             Marian Hossa             60     1   2  2  
 2 Travis Zajac             Ted Purcell              Sergei Shirokov          40     1   2  2  

PowerPlay Defense
   Defense                  Defense                                           Time % Phy DF OF 
 1 Jake Gardiner            Alex Pietrangelo                                  60     1   2  2  
 2 Victor Hedman            Bryce Lampman                                     40     1   2  2  

Penalty Kill 4 Players Forward 
   Center                   Wing                     Time % Phy DF OF 
 1 Travis Zajac             Blake Wheeler            60     1   2  2  
 2 Logan Couture            Patrick Kaleta           40     1   2  2  

Penalty Kill 4 Players Defense
   Defense                  Defense                  Time % Phy DF OF 
 1 Shaone Morrisonn         Bryce Lampman            60     1   2  2  
 2 Yann Sauvé               Jake Gardiner            40     1   2  2  

Penalty Kill - 3 Players Forward 
   Forward                                           Time % Phy DF OF 
 1 Travis Zajac                                      60     1   2  2  
 2 Tomas Plekanec                                    40     1   2  2  

Penalty Kill - 3 Players Defense
   Defense                  Defense                  Time % Phy DF OF 
 1 Bryce Lampman            Shaone Morrisonn         60     1   2  2  
 2 Alex Pietrangelo         Jake Gardiner            40     1   2  2  

4 vs 4 Forward 
   Center                   Wing                     Time % Phy DF OF 
 1 Travis Zajac             Sergei Shirokov          60     1   2  2  
 2 Nicklas Backstrom        Linus Omark              40     1   2  2  

4 vs 4 Defense
   Defense                  Defense                  Time % Phy DF OF 
 1 Victor Hedman            Alex Pietrangelo         60     1   2  2  
 2 Bryce Lampman            Jake Gardiner            40     1   2  2  

Last Minutes Offensive
   Center                   Left Wing                Right Wing               Defense                  Defense                  
   Nicklas Backstrom        David Perron             Marian Hossa             Jake Gardiner            Alex Pietrangelo         

Last Minutes Defensive
   Center                   Left Wing                Right Wing               Defense                  Defense                  
   Travis Zajac             Ted Purcell              Patrick Kaleta           Bryce Lampman            Yann Sauvé               

Goaltenders
Starting : Carey Price              
Backup : Ray Emery                

Extra Forwards
Normal : Patrick Kaleta, Logan Couture, David Perron - PP : Sergei Shirokov, Tomas Plekanec - PK : Nicklas Backstrom
Extra Defensemen
Normal : Jake Gardiner, Yann Sauvé, Victor Hedman - PP : Shaone Morrisonn - PK : Alex Pietrangelo, Victor Hedman
Penalty Shots
David Perron, Ted Purcell, Marian Hossa, Logan Couture, Nicklas Backstrom

Scratches
Marcel Hossa (Healthy), Rickard Wallin (Healthy)

% Time on Ice - Blackhawks

Lines # - Real PCT - Wanted PCT - Time Play
Normal Forward
1 - 35% - 40% - 15:37
2 - 25% - 30% - 11:20
3 - 24% - 20% - 10:31
4 - 16% - 10% - 7:15
Normal Defense
1 - 39% - 40% - 17:13
2 - 35% - 30% - 15:37
3 - 22% - 20% - 9:48
4 - 5% - 10% - 2:05
PP Forward
1 - 61% - 60% - 5:39
2 - 39% - 40% - 3:41
PP Defense
1 - 68% - 60% - 6:20
2 - 32% - 40% - 3:00
PK Forward
1 - 72% - 60% - 4:17
2 - 28% - 40% - 1:40
PK Defense
1 - 71% - 60% - 4:12
2 - 29% - 40% - 1:45
PK3 Forward
1 - 0% - 60%
2 - 0% - 40%
PK3 Defense
1 - 0% - 60%
2 - 0% - 40%
44 Forward
1 - 79% - 60% - 3:56
2 - 21% - 40% - 1:04
44 Defense
1 - 54% - 60% - 2:42
2 - 46% - 40% - 2:18
Last Minute Offensive  - 0:00
Last Minute Defensive  - 0:00
Total
Forward - 65:00
Defense - 65:00

% Time on Ice - Blues

Lines # - Real PCT - Wanted PCT - Time Play
Normal Forward
1 - 35% - 40% - 15:48
2 - 29% - 30% - 12:48
3 - 23% - 20% - 10:11
4 - 13% - 10% - 5:56
Normal Defense
1 - 39% - 40% - 17:32
2 - 34% - 30% - 15:05
3 - 20% - 20% - 9:05
4 - 7% - 10% - 3:01
PP Forward
1 - 59% - 60% - 3:29
2 - 41% - 40% - 2:28
PP Defense
1 - 62% - 60% - 3:41
2 - 38% - 40% - 2:16
PK Forward
1 - 69% - 60% - 6:26
2 - 31% - 40% - 2:54
PK Defense
1 - 62% - 60% - 5:47
2 - 38% - 40% - 3:33
PK3 Forward
1 - 0% - 60%
2 - 0% - 40%
PK3 Defense
1 - 0% - 60%
2 - 0% - 40%
44 Forward
1 - 64% - 60% - 3:12
2 - 36% - 40% - 1:48
44 Defense
1 - 56% - 60% - 2:49
2 - 44% - 40% - 2:11
Last Minute Offensive  - 0:00
Last Minute Defensive  - 0:00
Total
Forward - 65:00
Defense - 65:00

Play by Play

1st period


0:01 of 1st period - Nicklas Backstrom wins face-off versus Antoine Roussel in neutral zone.
0:13 of 1st period - Slapshot by Mike Green.
0:13 of 1st period - Stopped by Carey Price with a rebound.
0:15 of 1st period - Slapshot by Joni Pitkanen.
0:15 of 1st period - Shot Blocked by David Perron.
0:17 of 1st period - Snap shot by Joni Pitkanen.
0:17 of 1st period - Shot Misses the Net.
0:29 of 1st period - Slapshot by Alex Pietrangelo.
0:29 of 1st period - Stopped by Jimmy Howard with a rebound.
0:53 of 1st period - Snap shot by Tyler Kennedy.
0:53 of 1st period - Stopped by Carey Price without a rebound.
0:54 of 1st period - Logan Couture wins face-off versus Kyle Brodziak in Blues zone.
1:07 of 1st period - Slapshot by Tyler Kennedy.
1:07 of 1st period - Stopped by Carey Price with a rebound.
1:09 of 1st period - Wrist shot by Kyle Brodziak.
1:09 of 1st period - Stopped by Carey Price without a rebound.
1:10 of 1st period - Tomas Plekanec wins face-off versus Derick Brassard in Blues zone.
1:12 of 1st period - Minor Penalty to Patrick Kaleta for Slashing.
1:13 of 1st period - Derick Brassard wins face-off versus Travis Zajac in Blues zone.
1:53 of 1st period - Jake Gardiner is hit by Peter Regin and loses puck.
2:44 of 1st period - Blake Wheeler is hit by Antoine Roussel and loses puck.
3:12 of 1st period - Penalty to Patrick Kaleta is over, Patrick Kaleta is back on ice.
4:31 of 1st period - Derick Brassard is hit by Sergei Shirokov.
4:58 of 1st period - Marian Hossa is hit by Denis Grebeshkov and loses puck.
5:51 of 1st period - Chad Larose is hit by Ted Purcell and loses puck.
6:14 of 1st period - Snap shot by Alex Pietrangelo.
6:14 of 1st period - Stopped by Jimmy Howard without a rebound.
6:15 of 1st period - Nicklas Backstrom wins face-off versus Antoine Roussel in Blackhawks zone.
7:07 of 1st period - Jarome Iginla is hit by Marian Hossa.
7:11 of 1st period - Wrist shot by Peter Regin.
7:11 of 1st period - Stopped by Carey Price with a rebound.
7:41 of 1st period - Wrist shot by Nicklas Backstrom.
7:41 of 1st period - Stopped by Jimmy Howard with a rebound.
7:59 of 1st period - Snap shot by Sergei Shirokov.
7:59 of 1st period - Stopped by Jimmy Howard without a rebound.
8:00 of 1st period - Derick Brassard wins face-off versus Logan Couture in Blackhawks zone.
8:00 of 1st period - Derick Brassard is hit by Sergei Shirokov.
8:08 of 1st period - Alex Pietrangelo is hit by Joni Pitkanen and loses puck.
8:23 of 1st period - Slapshot by Alex Pietrangelo.
8:23 of 1st period - Stopped by Jimmy Howard with a rebound.
8:31 of 1st period - Wrist shot by Derick Brassard.
8:31 of 1st period - Deflect By Antoine Roussel.
8:31 of 1st period - Shot Misses the Net.
8:31 of 1st period - Puck is out of play.
8:32 of 1st period - Travis Zajac wins face-off versus Jaden Schwartz in Blues zone.
8:43 of 1st period - Slapshot by Jarome Iginla.
8:43 of 1st period - Stopped by Carey Price with a rebound.
9:47 of 1st period - Bryce Lampman is hit by Dave Tanabe and loses puck.
10:16 of 1st period - Logan Couture is hit by Tyler Kennedy and loses puck.
10:31 of 1st period - Backhand shot by David Perron.
10:31 of 1st period - Stopped by Jimmy Howard with a rebound.
10:33 of 1st period - Slapshot by Yann Sauvé.
10:33 of 1st period - Stopped by Jimmy Howard without a rebound.
10:34 of 1st period - Nicklas Backstrom wins face-off versus Derick Brassard in Blackhawks zone.
10:59 of 1st period - Alex Pietrangelo is hit by Ladislav Smid and loses puck.
11:20 of 1st period - Icing by Mike Green.
11:21 of 1st period - Chad Larose wins face-off versus Tomas Plekanec in Blackhawks zone.
11:28 of 1st period - Snap shot by Tomas Fleischmann.
11:28 of 1st period - Shot Blocked by Yann Sauvé.
11:47 of 1st period - Ladislav Smid is hit by David Perron and loses puck.
12:14 of 1st period - Peter Regin is hit by Blake Wheeler.
12:42 of 1st period - Snap shot by Sergei Shirokov.
12:42 of 1st period - Stopped by Jimmy Howard with a rebound.
12:50 of 1st period - Slapshot by Alex Pietrangelo.
12:50 of 1st period - Stopped by Jimmy Howard with a rebound.
13:06 of 1st period - Slapshot by Nicklas Backstrom.
13:06 of 1st period - Goal by Nicklas Backstrom - Blackhawks : 0 - Blues : 1.
13:07 of 1st period - Derick Brassard wins face-off versus Nicklas Backstrom in neutral zone.
13:34 of 1st period - David Perron is hit by Tomas Fleischmann.
14:28 of 1st period - Wrist shot by David Perron.
14:28 of 1st period - Goal by David Perron - Blackhawks : 0 - Blues : 2.
14:29 of 1st period - Derick Brassard wins face-off versus Travis Zajac in neutral zone.
15:21 of 1st period - Wrist shot by Patrick Kaleta.
15:21 of 1st period - Shot Blocked by Tyler Kennedy.
15:23 of 1st period - Slapshot by Bryce Lampman.
15:23 of 1st period - Shot Misses the Net.
15:25 of 1st period - Slapshot by Patrick Kaleta.
15:25 of 1st period - Shot Blocked by Denis Grebeshkov.
15:27 of 1st period - Slapshot by Bryce Lampman.
15:27 of 1st period - Stopped by Jimmy Howard with a rebound.
15:29 of 1st period - Slapshot by Alex Pietrangelo.
15:29 of 1st period - Stopped by Jimmy Howard with a rebound.
15:31 of 1st period - Slapshot by Bryce Lampman.
15:31 of 1st period - Stopped by Jimmy Howard without a rebound.
15:32 of 1st period - Travis Zajac wins face-off versus Derick Brassard in Blackhawks zone.
15:33 of 1st period - Snap shot by Ted Purcell.
15:33 of 1st period - Shot Misses the Net.
15:59 of 1st period - Kevin Marshall is hit by David Perron and loses puck.
16:10 of 1st period - Snap shot by David Perron.
16:10 of 1st period - Stopped by Jimmy Howard with a rebound.
17:05 of 1st period - Slapshot by Travis Zajac.
17:05 of 1st period - Shot Misses the Net.
17:07 of 1st period - Slapshot by Victor Hedman.
17:07 of 1st period - Shot Blocked by Taylor Pyatt.
17:09 of 1st period - Wrist shot by Travis Zajac.
17:09 of 1st period - Shot Blocked by Denis Grebeshkov.
17:11 of 1st period - Slapshot by Blake Wheeler.
17:11 of 1st period - Goal by Blake Wheeler - Blackhawks : 0 - Blues : 3.
17:12 of 1st period - Derick Brassard wins face-off versus Nicklas Backstrom in neutral zone.
17:28 of 1st period - Off-side.
17:29 of 1st period - Travis Zajac wins face-off versus Peter Regin in neutral zone.
17:38 of 1st period - Snap shot by Ted Purcell.
17:38 of 1st period - Shot Misses the Net.
18:23 of 1st period - Shaone Morrisonn is hit by Ladislav Smid.
Goals for this period are 0 for Blackhawks vs 3 for Blues.
Shots for this period are 6 for Blackhawks vs 16 for Blues.

2nd period


0:01 of 2nd period - Antoine Roussel wins face-off versus Nicklas Backstrom in neutral zone.
0:29 of 2nd period - Wrist shot by Alex Pietrangelo.
0:29 of 2nd period - Shot Blocked by Mike Green.
1:18 of 2nd period - Wrist shot by Patrick Kaleta.
1:18 of 2nd period - Shot Misses the Net.
1:52 of 2nd period - Jarome Iginla is hit by Victor Hedman and loses puck.
2:57 of 2nd period - Jake Gardiner is hit by Tyler Kennedy and loses puck.
3:06 of 2nd period - Kevin Marshall is hit by Derek Boogaard and loses puck.
3:20 of 2nd period - Jake Gardiner is hit by Denis Grebeshkov and loses puck.
3:29 of 2nd period - Slapshot by Ted Purcell.
3:29 of 2nd period - Stopped by Jimmy Howard with a rebound.
3:43 of 2nd period - Wrist shot by Tomas Fleischmann.
3:43 of 2nd period - Shot Blocked by Jake Gardiner.
3:45 of 2nd period - Snap shot by Tomas Fleischmann.
3:45 of 2nd period - Shot Misses the Net.
4:29 of 2nd period - Slapshot by Blake Wheeler.
4:29 of 2nd period - Stopped by Jimmy Howard with a rebound.
4:31 of 2nd period - Slapshot by Travis Zajac.
4:31 of 2nd period - Deflect By Ted Purcell.
4:31 of 2nd period - Stopped by Jimmy Howard with a rebound.
4:33 of 2nd period - Snap shot by Travis Zajac.
4:33 of 2nd period - Shot Blocked by Ladislav Smid.
4:35 of 2nd period - Slapshot by Blake Wheeler.
4:35 of 2nd period - Deflect By Travis Zajac.
4:35 of 2nd period - Goal by Travis Zajac - Blackhawks : 0 - Blues : 4.
4:36 of 2nd period - Peter Regin wins face-off versus Nicklas Backstrom in neutral zone.
4:36 of 2nd period - Joni Pitkanen is hit by David Perron and loses puck.
4:53 of 2nd period - Backhand shot by David Perron.
4:53 of 2nd period - Shot Blocked by Jarome Iginla.
4:55 of 2nd period - Minor Penalty to Jaden Schwartz for Holding.
4:56 of 2nd period - Nicklas Backstrom wins face-off versus Derick Brassard in Blackhawks zone.
5:07 of 2nd period - Slapshot by Alex Pietrangelo.
5:07 of 2nd period - Stopped by Jimmy Howard without a rebound.
5:08 of 2nd period - Derick Brassard wins face-off versus Nicklas Backstrom in Blackhawks zone.
5:38 of 2nd period - Slapshot by Alex Pietrangelo.
5:38 of 2nd period - Shot Blocked by Mike Green.
5:42 of 2nd period - Slapshot by Alex Pietrangelo.
5:42 of 2nd period - Stopped by Jimmy Howard with a rebound.
5:44 of 2nd period - Slapshot by Alex Pietrangelo.
5:44 of 2nd period - Stopped by Jimmy Howard with a rebound.
5:58 of 2nd period - Snap shot by Mike Green.
5:58 of 2nd period - Shot Blocked by Marian Hossa.
6:00 of 2nd period - Wrist shot by Peter Regin.
6:00 of 2nd period - Stopped by Carey Price with a rebound.
6:43 of 2nd period - Sergei Shirokov is hit by Denis Grebeshkov and loses puck.
6:55 of 2nd period - Penalty to Jaden Schwartz is over, Jaden Schwartz is back on ice.
6:58 of 2nd period - Jaden Schwartz is hit by Victor Hedman.
7:10 of 2nd period - Wrist shot by Jaden Schwartz.
7:10 of 2nd period - Shot Misses the Net.
7:18 of 2nd period - Snap shot by Bryce Lampman.
7:18 of 2nd period - Stopped by Jimmy Howard with a rebound.
7:24 of 2nd period - Minor Penalty to Dave Tanabe for Hooking.
7:25 of 2nd period - Derick Brassard wins face-off versus Nicklas Backstrom in Blackhawks zone.
7:31 of 2nd period - Icing by Marian Hossa.
7:32 of 2nd period - Derick Brassard wins face-off versus Nicklas Backstrom in Blues zone.
7:54 of 2nd period - Off-side.
7:55 of 2nd period - Antoine Roussel wins face-off versus Nicklas Backstrom in neutral zone.
8:00 of 2nd period - Slapshot by Peter Regin.
8:00 of 2nd period - Stopped by Carey Price without a rebound.
8:01 of 2nd period - Antoine Roussel wins face-off versus David Perron in Blues zone.
8:10 of 2nd period - Snap shot by Peter Regin.
8:10 of 2nd period - Stopped by Carey Price without a rebound.
8:11 of 2nd period - Nicklas Backstrom wins face-off versus Derick Brassard in Blues zone.
8:16 of 2nd period - Slapshot by Jake Gardiner.
8:16 of 2nd period - Shot Blocked by Jarome Iginla.
8:52 of 2nd period - Snap shot by Alex Pietrangelo.
8:52 of 2nd period - Shot Misses the Net.
8:56 of 2nd period - Snap shot by Ted Purcell.
8:56 of 2nd period - Shot Misses the Net.
9:24 of 2nd period - Penalty to Dave Tanabe is over, Dave Tanabe is back on ice.
9:26 of 2nd period - Victor Hedman is hit by Tyler Kennedy and loses puck.
9:48 of 2nd period - Minor Penalty to Tomas Plekanec for Hooking.
9:49 of 2nd period - Derick Brassard wins face-off versus Travis Zajac in Blues zone.
10:03 of 2nd period - Snap shot by Jarome Iginla.
10:03 of 2nd period - Stopped by Carey Price without a rebound.
10:04 of 2nd period - Jarome Iginla wins face-off versus Travis Zajac in Blues zone.
10:09 of 2nd period - Snap shot by Antoine Roussel.
10:09 of 2nd period - Stopped by Carey Price with a rebound.
10:11 of 2nd period - Slapshot by Mike Green.
10:11 of 2nd period - Goal by Mike Green - Blackhawks : 1 - Blues : 4.
10:12 of 2nd period - Derick Brassard wins face-off versus Nicklas Backstrom in neutral zone.
10:39 of 2nd period - Peter Regin is hit by Bryce Lampman and loses puck.
10:44 of 2nd period - Snap shot by Ted Purcell.
10:44 of 2nd period - Shot Misses the Net.
10:46 of 2nd period - Slapshot by Yann Sauvé.
10:46 of 2nd period - Shot Misses the Net.
11:02 of 2nd period - Yann Sauvé is hit by Joni Pitkanen and loses puck.
11:17 of 2nd period - Icing by Logan Couture.
11:18 of 2nd period - Derick Brassard wins face-off versus Sergei Shirokov in Blues zone.
11:21 of 2nd period - Slapshot by Antoine Roussel.
11:21 of 2nd period - Stopped by Carey Price with a rebound.
11:23 of 2nd period - Snap shot by Antoine Roussel.
11:23 of 2nd period - Shot Misses the Net.
11:33 of 2nd period - Slapshot by Antoine Roussel.
11:33 of 2nd period - Deflect By Nikita Kucherov.
11:33 of 2nd period - Shot Misses the Net.
11:33 of 2nd period - Puck is out of play.
11:34 of 2nd period - Peter Regin wins face-off versus Nicklas Backstrom in Blues zone.
12:54 of 2nd period - Slapshot by Mike Green.
12:54 of 2nd period - Shot Blocked by Marian Hossa.
12:56 of 2nd period - Snap shot by Peter Regin.
12:56 of 2nd period - Stopped by Carey Price with a rebound.
13:20 of 2nd period - Tyler Kennedy is hit by Derek Boogaard and loses puck.
14:57 of 2nd period - Travis Zajac is hit by Antoine Roussel and loses puck.
15:02 of 2nd period - Wrist shot by Derick Brassard.
15:02 of 2nd period - Stopped by Carey Price with a rebound.
15:04 of 2nd period - Slapshot by Mike Green.
15:04 of 2nd period - Stopped by Carey Price without a rebound.
15:05 of 2nd period - David Perron wins face-off versus Jaden Schwartz in Blues zone.
15:52 of 2nd period - Snap shot by Linus Omark.
15:52 of 2nd period - Stopped by Jimmy Howard without a rebound.
15:53 of 2nd period - Peter Regin wins face-off versus Logan Couture in Blackhawks zone.
16:00 of 2nd period - Logan Couture is hit by Ladislav Smid and loses puck.
16:09 of 2nd period - Snap shot by Sergei Shirokov.
16:09 of 2nd period - Shot Blocked by Ladislav Smid.
16:22 of 2nd period - Icing by Alex Pietrangelo.
16:23 of 2nd period - Nicklas Backstrom wins face-off versus Derick Brassard in Blues zone.
17:00 of 2nd period - Snap shot by Jarome Iginla.
17:00 of 2nd period - Shot Blocked by Travis Zajac.
17:22 of 2nd period - Snap shot by Sergei Shirokov.
17:22 of 2nd period - Stopped by Jimmy Howard without a rebound.
17:23 of 2nd period - Derick Brassard wins face-off versus Nicklas Backstrom in Blackhawks zone.
17:56 of 2nd period - Snap shot by Ted Purcell.
17:56 of 2nd period - Shot Misses the Net.
18:04 of 2nd period - Travis Zajac is hit by Jaden Schwartz and loses puck.
18:45 of 2nd period - Wrist shot by Antoine Roussel.
18:45 of 2nd period - Deflect By Derick Brassard.
18:45 of 2nd period - Stopped by Carey Price with a rebound.
18:47 of 2nd period - Slapshot by Derick Brassard.
18:47 of 2nd period - Goal by Derick Brassard - Blackhawks : 2 - Blues : 4.
18:48 of 2nd period - Derick Brassard wins face-off versus Nicklas Backstrom in neutral zone.
18:51 of 2nd period - Snap shot by Joni Pitkanen.
18:51 of 2nd period - Shot Blocked by Marian Hossa.
18:53 of 2nd period - Slapshot by Joni Pitkanen.
18:53 of 2nd period - Stopped by Carey Price with a rebound.
18:55 of 2nd period - Wrist shot by Antoine Roussel.
18:55 of 2nd period - Deflect By Derick Brassard.
18:55 of 2nd period - Shot Blocked by Nicklas Backstrom.
18:55 of 2nd period - Puck is out of play.
18:56 of 2nd period - Nicklas Backstrom wins face-off versus Derick Brassard in Blues zone.
18:56 of 2nd period - Nicklas Backstrom is hit by Joni Pitkanen.
19:28 of 2nd period - Wrist shot by Derick Brassard.
19:28 of 2nd period - Stopped by Carey Price without a rebound.
19:29 of 2nd period - Peter Regin wins face-off versus Travis Zajac in Blues zone.
19:42 of 2nd period - Snap shot by Blake Wheeler.
19:42 of 2nd period - Deflect By Ted Purcell.
19:42 of 2nd period - Shot Misses the Net.
19:42 of 2nd period - Puck is out of play.
19:43 of 2nd period - Derick Brassard wins face-off versus Nicklas Backstrom in Blackhawks zone.
Goals for this period are 2 for Blackhawks vs 1 for Blues.
Shots for this period are 14 for Blackhawks vs 10 for Blues.

3rd period


0:01 of 3rd period - Derick Brassard wins face-off versus Nicklas Backstrom in neutral zone.
0:01 of 3rd period - Derick Brassard is hit by Alex Pietrangelo.
0:05 of 3rd period - Slapshot by Mike Green.
0:05 of 3rd period - Deflect By Nikita Kucherov.
0:05 of 3rd period - Shot Blocked by Alex Pietrangelo.
0:05 of 3rd period - Puck is out of play.
0:06 of 3rd period - Derick Brassard wins face-off versus Marian Hossa in Blues zone.
0:59 of 3rd period - Snap shot by Joni Pitkanen.
0:59 of 3rd period - Shot Misses the Net.
1:01 of 3rd period - Slapshot by Ryan Johansen.
1:01 of 3rd period - Goal by Ryan Johansen - Blackhawks : 3 - Blues : 4.
1:02 of 3rd period - Derick Brassard wins face-off versus Nicklas Backstrom in neutral zone.
2:00 of 3rd period - Off-side.
2:01 of 3rd period - Derick Brassard wins face-off versus Nicklas Backstrom in neutral zone.
2:04 of 3rd period - Slapshot by Mike Green.
2:04 of 3rd period - Deflect By Antoine Roussel.
2:04 of 3rd period - Shot Hit the Post.
2:04 of 3rd period - Puck is out of play.
2:05 of 3rd period - Nicklas Backstrom wins face-off versus Derick Brassard in Blues zone.
2:21 of 3rd period - Minor Penalty to Nicklas Backstrom for Interference.
2:22 of 3rd period - Derick Brassard wins face-off versus Travis Zajac in Blues zone.
2:38 of 3rd period - Shaone Morrisonn is hit by Jarome Iginla and loses puck.
3:27 of 3rd period - Snap shot by Yann Sauvé.
3:27 of 3rd period - Deflect By Denis Grebeshkov.
3:27 of 3rd period - Stopped by Jimmy Howard without a rebound.
3:28 of 3rd period - Logan Couture wins face-off versus Peter Regin in Blackhawks zone.
3:37 of 3rd period - Slapshot by Derek Boogaard.
3:37 of 3rd period - Deflect By Logan Couture.
3:37 of 3rd period - Shot Misses the Net.
3:37 of 3rd period - Puck is out of play.
3:38 of 3rd period - Derick Brassard wins face-off versus Travis Zajac in Blackhawks zone.
4:21 of 3rd period - Penalty to Nicklas Backstrom is over, Nicklas Backstrom is back on ice.
4:53 of 3rd period - Wrist shot by Jarome Iginla.
4:53 of 3rd period - Stopped by Carey Price with a rebound.
5:19 of 3rd period - Off-side.
5:20 of 3rd period - Travis Zajac wins face-off versus Antoine Roussel in neutral zone.
5:33 of 3rd period - Snap shot by Ted Purcell.
5:33 of 3rd period - Shot Blocked by Kevin Marshall.
5:35 of 3rd period - Slapshot by Ted Purcell.
5:35 of 3rd period - Stopped by Jimmy Howard with a rebound.
5:37 of 3rd period - Snap shot by Ted Purcell.
5:37 of 3rd period - Shot Misses the Net.
5:47 of 3rd period - Logan Couture is hit by Jarome Iginla and loses puck.
5:58 of 3rd period - Snap shot by Jarome Iginla.
5:58 of 3rd period - Shot Misses the Net.
6:00 of 3rd period - Snap shot by Jarome Iginla.
6:00 of 3rd period - Stopped by Carey Price with a rebound.
6:22 of 3rd period - Snap shot by Taylor Pyatt.
6:22 of 3rd period - Stopped by Carey Price with a rebound.
7:01 of 3rd period - Snap shot by Nikita Kucherov.
7:01 of 3rd period - Shot Misses the Net.
7:04 of 3rd period - Icing by Victor Hedman.
7:05 of 3rd period - Travis Zajac wins face-off versus Peter Regin in Blues zone.
7:42 of 3rd period - Snap shot by Ted Purcell.
7:42 of 3rd period - Stopped by Jimmy Howard without a rebound.
7:43 of 3rd period - Derick Brassard wins face-off versus Nicklas Backstrom in Blackhawks zone.
8:00 of 3rd period - Snap shot by David Perron.
8:00 of 3rd period - Deflect By Nicklas Backstrom.
8:00 of 3rd period - Shot Misses the Net.
8:00 of 3rd period - Puck is out of play.
8:01 of 3rd period - Logan Couture wins face-off versus Ryan Johansen in Blackhawks zone.
8:33 of 3rd period - Slapshot by Derick Brassard.
8:33 of 3rd period - Stopped by Carey Price without a rebound.
8:34 of 3rd period - Derick Brassard wins face-off versus Nicklas Backstrom in Blues zone.
8:37 of 3rd period - Slapshot by Antoine Roussel.
8:37 of 3rd period - Stopped by Carey Price without a rebound.
8:38 of 3rd period - Nicklas Backstrom wins face-off versus Derick Brassard in Blues zone.
8:38 of 3rd period - Nicklas Backstrom is hit by Derick Brassard.
9:33 of 3rd period - Major Penalty to Logan Couture for Boarding.
9:34 of 3rd period - Travis Zajac wins face-off versus Derick Brassard in Blues zone.
9:40 of 3rd period - Slapshot by Bryce Lampman.
9:40 of 3rd period - Stopped by Jimmy Howard with a rebound.
9:42 of 3rd period - Wrist shot by Travis Zajac.
9:42 of 3rd period - Stopped by Jimmy Howard without a rebound.
9:43 of 3rd period - Derick Brassard wins face-off versus Travis Zajac in Blackhawks zone.
9:43 of 3rd period - Derick Brassard is hit by Shaone Morrisonn.
10:21 of 3rd period - Slapshot by Jarome Iginla.
10:21 of 3rd period - Goal by Jarome Iginla - Blackhawks : 4 - Blues : 4.
10:22 of 3rd period - Peter Regin wins face-off versus Travis Zajac in neutral zone.
10:25 of 3rd period - Slapshot by Mike Green.
10:25 of 3rd period - Shot Blocked by Bryce Lampman.
11:01 of 3rd period - Jake Gardiner is hit by Tomas Fleischmann and loses puck.
12:26 of 3rd period - Travis Zajac is hit by Mike Green and loses puck.
12:38 of 3rd period - Icing by Tomas Fleischmann.
12:39 of 3rd period - Nicklas Backstrom wins face-off versus Peter Regin in Blackhawks zone.
12:40 of 3rd period - Slapshot by Derek Boogaard.
12:40 of 3rd period - Deflect By Nicklas Backstrom.
12:40 of 3rd period - Stopped by Jimmy Howard with a rebound.
14:33 of 3rd period - Penalty to Logan Couture is over, Logan Couture is back on ice.
14:41 of 3rd period - Slapshot by Victor Hedman.
14:41 of 3rd period - Deflect By Tomas Plekanec.
14:41 of 3rd period - Shot Misses the Net.
14:41 of 3rd period - Puck is out of play.
14:42 of 3rd period - Linus Omark wins face-off versus Kyle Brodziak in Blackhawks zone.
15:10 of 3rd period - Snap shot by Patrick Kaleta.
15:10 of 3rd period - Stopped by Jimmy Howard without a rebound.
15:11 of 3rd period - Chad Larose wins face-off versus Tomas Plekanec in Blackhawks zone.
16:03 of 3rd period - Marian Hossa is hit by Jarome Iginla and loses puck.
16:26 of 3rd period - Backhand shot by Ted Purcell.
16:26 of 3rd period - Deflect By Travis Zajac.
16:26 of 3rd period - Deflect By Denis Grebeshkov.
16:26 of 3rd period - Shot Blocked by Denis Grebeshkov.
16:26 of 3rd period - Puck is out of play.
16:27 of 3rd period - Ryan Johansen wins face-off versus Logan Couture in Blackhawks zone.
16:29 of 3rd period - Minor Penalty to Mike Green for Goalie Interference.
16:30 of 3rd period - Nicklas Backstrom wins face-off versus Derick Brassard in Blackhawks zone.
18:10 of 3rd period - Icing by Alex Pietrangelo.
18:11 of 3rd period - Antoine Roussel wins face-off versus Nicklas Backstrom in Blues zone.
18:29 of 3rd period - Penalty to Mike Green is over, Mike Green is back on ice.
18:35 of 3rd period - Icing by Patrick Kaleta.
18:36 of 3rd period - Tomas Plekanec wins face-off versus Ryan Johansen in Blues zone.
18:48 of 3rd period - Snap shot by Denis Grebeshkov.
18:48 of 3rd period - Shot Blocked by Victor Hedman.
18:50 of 3rd period - Slapshot by Ladislav Smid.
18:50 of 3rd period - Stopped by Carey Price without a rebound.
18:51 of 3rd period - Derick Brassard wins face-off versus Logan Couture in Blues zone.
19:18 of 3rd period - Ryan Johansen is hit by Derek Boogaard and loses puck.
Goals for this period are 2 for Blackhawks vs 0 for Blues.
Shots for this period are 8 for Blackhawks vs 7 for Blues.

Overtime #1


0:01 of 1st overtime period - Travis Zajac wins face-off versus Derick Brassard in neutral zone.
0:12 of 1st overtime period - Slapshot by Alex Pietrangelo.
0:12 of 1st overtime period - Shot Misses the Net.
0:48 of 1st overtime period - Patrick Kaleta is hit by Taylor Pyatt and loses puck.
1:07 of 1st overtime period - Joni Pitkanen is hit by Jake Gardiner and loses puck.
1:26 of 1st overtime period - Wrist shot by Nicklas Backstrom.
1:26 of 1st overtime period - Stopped by Jimmy Howard with a rebound.
1:34 of 1st overtime period - Slapshot by Mike Green.
1:34 of 1st overtime period - Stopped by Carey Price without a rebound.
1:35 of 1st overtime period - Travis Zajac wins face-off versus Derick Brassard in Blues zone.
1:50 of 1st overtime period - Jarome Iginla is hit by Nicklas Backstrom and loses puck.
1:59 of 1st overtime period - Slapshot by Jake Gardiner.
1:59 of 1st overtime period - Stopped by Jimmy Howard with a rebound.
2:19 of 1st overtime period - Peter Regin is hit by Logan Couture and loses puck.
2:26 of 1st overtime period - Slapshot by Patrick Kaleta.
2:26 of 1st overtime period - Shot Misses the Net.
2:28 of 1st overtime period - Snap shot by Logan Couture.
2:28 of 1st overtime period - Shot Blocked by Mike Green.
3:19 of 1st overtime period - Alex Pietrangelo is hit by Taylor Pyatt and loses puck.
3:33 of 1st overtime period - Alex Pietrangelo is hit by Mike Green and loses puck.
3:40 of 1st overtime period - Joni Pitkanen is hit by Jake Gardiner and loses puck.
3:47 of 1st overtime period - Nicklas Backstrom is hit by Ryan Johansen and loses puck.
3:54 of 1st overtime period - Slapshot by Taylor Pyatt.
3:54 of 1st overtime period - Stopped by Carey Price with a rebound.
3:56 of 1st overtime period - Slapshot by Denis Grebeshkov.
3:56 of 1st overtime period - Shot Misses the Net.
3:58 of 1st overtime period - Snap shot by Taylor Pyatt.
3:58 of 1st overtime period - Shot Misses the Net.
4:00 of 1st overtime period - Wrist shot by Dave Tanabe.
4:00 of 1st overtime period - Stopped by Carey Price with a rebound.
4:02 of 1st overtime period - Slapshot by Kevin Marshall.
4:02 of 1st overtime period - Stopped by Carey Price with a rebound.
4:10 of 1st overtime period - Wrist shot by Taylor Pyatt.
4:10 of 1st overtime period - Stopped by Carey Price without a rebound.
4:11 of 1st overtime period - Derick Brassard wins face-off versus Travis Zajac in Blues zone.
4:22 of 1st overtime period - Snap shot by Derick Brassard.
4:22 of 1st overtime period - Shot Blocked by Victor Hedman.
Goals for this period are 0 for Blackhawks vs 0 for Blues.
Shots for this period are 5 for Blackhawks vs 2 for Blues.

ShootOut


5:00 of 1st overtime period - Penalty Shot by Derick Brassard for Blackhawks.
5:00 of 1st overtime period - Backhand shot by Derick Brassard.
5:00 of 1st overtime period - Shot Misses the Net.
5:00 of 1st overtime period - Penalty Shot by David Perron for Blues.
5:00 of 1st overtime period - Snap shot by David Perron.
5:00 of 1st overtime period - Stopped by Jimmy Howard.
5:00 of 1st overtime period - Penalty Shot by Jarome Iginla for Blackhawks.
5:00 of 1st overtime period - Deke by Jarome Iginla.
5:00 of 1st overtime period - Stopped by Carey Price.
5:00 of 1st overtime period - Penalty Shot by Ted Purcell for Blues.
5:00 of 1st overtime period - Deke by Ted Purcell.
5:00 of 1st overtime period - Shot Misses the Net.
5:00 of 1st overtime period - Penalty Shot by Antoine Roussel for Blackhawks.
5:00 of 1st overtime period - Deke by Antoine Roussel.
5:00 of 1st overtime period - Stopped by Carey Price.
5:00 of 1st overtime period - Penalty Shot by Marian Hossa for Blues.
5:00 of 1st overtime period - Snap shot by Marian Hossa.
5:00 of 1st overtime period - Goal by Marian Hossa.